Map: 2000 Atmospheres LE

Players

Vindicta

  • Race: Terran Terran
  • League: Grandmaster

TriGGeR - Winner!

  • Race: Protoss Protoss
  • League: Grandmaster

Event: DreamHack SC2 Masters 2021 Summer

VOD

Have the link to the VOD?

Description

Time

  • Played on: May 25, 2021, 4:12 p.m.
  • Length: 10:06

All games in this series

Show
View Real Time Build Order
Export as new Build Order

Vindicta Terran 

Build Orders:  

Get SALT Encoding   

  12  0:00  SCV  
  13  0:12  SCV  
  14  0:17  Supply Depot  
  14  0:24  SCV  
  14  0:27  Refinery  
  15  0:39  SCV  
  16  0:45  Barracks  
  16  0:51  SCV  
  16  0:55  Refinery  
  17  1:03  SCV  
  18  1:15  SCV  
  19  1:31  Reaper, Orbital Command  
  20  1:37  Factory  
  20  1:46  Bunker  
  20  1:54  Supply Depot  
  20  1:58  SCV  
  21  2:03  Reaper  
  22  2:10  SCV  
  22  2:22  SCV, Hellion  
  25  2:35  Reaper  
  26  2:37  SCV  
  26  2:43  Hellion  
  29  2:46  Command Center  
  29  2:52  Supply Depot  
  29  2:55  SCV  
  30  3:04  Starport  
  30  3:07  Factory Reactor  
  30  3:09  Factory Tech Lab  
  30  3:10  Barracks Reactor  
  29  3:20  SCV  
  30  3:28  Siege Tank, Supply Depot  
  30  3:30  Refinery  
  30  3:32  SCV  
  34  3:45  Starport Tech Lab  
  34  3:46  Marine x2  
  34  3:48  SCV  
  35  4:01  SCV, Barracks  
  36  4:03  Viking  
  36  4:05  Cyclone  
  36  4:09  Marine x2  
  41  4:13  SCV  
  44  4:24  Orbital Command  
  44  4:28  Marine x2  
  46  4:33  Medivac  
  48  4:39  Cyclone  
  48  4:45  SCV, Marine x2  
  52  4:52  SCV  
  55  4:57  SCV  
  55  4:59  Supply Depot  
  56  5:03  Marine x2  
  56  5:04  SCV  
  59  5:09  SCV  
  60  5:16  SCV  
  61  5:24  Command Center  
  58  5:29  Cyclone  
  58  5:30  Marine  
  58  5:31  Marine  
  58  5:32  SCV  
  64  5:41  SCV  
  64  5:46  Barracks  
  64  5:47  Barracks  
  64  5:50  Marine  
  64  5:53  SCV, Marine  
  64  5:55  SCV  
  54  6:05  SCV  
  54  6:08  Cyclone, Marine, Starport Tech Lab  
  54  6:09  SCV  
  52  6:11  Marine  
  52  6:17  SCV  
  53  6:21  Refinery, SCV  
  53  6:24  Engineering Bay  
  54  6:26  Marine  
  54  6:29  SCV, Marine  
  56  6:33  SCV  
  56  6:36  Starport Reactor  
  56  6:38  Orbital Command  
  57  6:41  SCV, Stimpack  
  57  6:42  Marauder  
  57  6:44  Marine  
  57  6:46  Factory Tech Lab, Combat Shield  
  62  6:52  Terran Infantry Weapons Level 1  
  62  6:53  Missile Turret  
  62  6:54  Orbital Command, Marauder  
  63  6:55  Marine  
  63  7:01  Missile Turret  
  69  7:08  Siege Tank  
  69  7:09  Marine  
  69  7:13  Marine  
  69  7:14  SCV  
  69  7:15  Marauder, Medivac x2  
  72  7:18  SCV  
  72  7:20  SCV  
  78  7:26  SCV, Marauder  
  78  7:27  Marine, Supply Depot  
  82  7:30  SCV  
  84  7:37  SCV  
  84  7:38  SCV  
  84  7:39  Barracks  
  84  7:42  Barracks, Missile Turret  
  85  7:48  Marine x2  
  85  7:49  SCV x2, Medivac  
  85  7:51  Medivac  
  93  7:55  Supply Depot  
  93  7:59  Supply Depot  
  93  8:03  SCV, Marine  
  93  8:04  Marauder  
  97  8:05  Concussive Shells  
  97  8:06  Siege Tank  
  97  8:07  SCV  
  101  8:13  Supply Depot  
  101  8:16  SCV  
  101  8:17  Marauder  
  101  8:18  SCV  
  101  8:19  Marine  
  106  8:21  Supply Depot  
  106  8:24  SCV  
  107  8:30  Refinery, Marine, Ghost Academy  
  107  8:31  Marauder  
  107  8:32  Refinery  
  107  8:33  Barracks Reactor  
  110  8:35  Barracks Tech Lab, SCV  
  110  8:36  SCV x2  
  110  8:37  Marine  
  112  8:41  Marine  
  112  8:48  SCV x3, Marine, Siege Tank  
  116  8:52  Sensor Tower, Viking  
  121  8:59  Ghost  
  121  9:00  SCV, Ghost  
  121  9:02  Ghost  
  126  9:05  SCV  
  126  9:08  Supply Depot  
  129  9:11  Supply Depot  
  129  9:17  Bunker, Marine  
  129  9:18  Engineering Bay  
  129  9:22  Marine x2  
  129  9:23  Siege Tank  
  135  9:24  SCV  
  135  9:27  Ghost  
  134  9:33  Ghost  
  100  9:41  SCV  
  100  9:42  Marine x2  
  100  9:45  SCV  
  98  9:47  Marine  
  98  9:49  SCV  
  102  9:53  SCV  
Show
View Real Time Build Order
Export as new Build Order

TriGGeR Protoss - Winner!

Build Orders: 1 Gate Expand, Phoenix Opening 

Get SALT Encoding   

  12  0:00  Probe  
  13  0:12  Probe  
  14  0:19  Pylon  
  14  0:24  Probe  
  15  0:37  Probe (Chrono Boost)  
  15  0:38  Gateway  
  16  0:46  Probe (Chrono Boost), Assimilator  
  17  0:51  Probe (Chrono Boost)  
  18  1:03  Probe  
  19  1:15  Probe  
  20  1:23  Nexus  
  20  1:27  Probe  
  21  1:36  Cybernetics Core  
  22  1:41  Assimilator  
  22  1:47  Zealot (Chrono Boost)  
  22  1:53  Pylon  
  23  2:10  Adept (Chrono Boost)  
  23  2:11  Probe  
  26  2:15  Shield Battery  
  26  2:20  Warp Gate  
  26  2:23  Probe  
  27  2:35  Probe  
  27  2:37  Probe  
  27  2:38  Stalker (Chrono Boost)  
  30  2:47  Probe  
  31  2:53  Probe  
  31  2:55  Shield Battery  
  32  2:58  Stargate  
  32  3:07  Probe  
  32  3:10  Stalker (Chrono Boost)  
  35  3:13  Probe  
  35  3:19  Probe  
  33  3:25  Probe  
  34  3:31  Probe  
  34  3:32  Stalker  
  37  3:38  Probe  
  37  3:40  Phoenix (Chrono Boost)  
  38  3:43  Probe  
  38  3:46  Pylon  
  41  3:52  Probe  
  41  3:55  Probe  
  43  3:56  Phoenix (Chrono Boost)  
  45  4:04  Probe  
  45  4:07  Probe  
  47  4:16  Probe  
  48  4:18  Phoenix (Chrono Boost)  
  48  4:19  Probe  
  48  4:21  Pylon  
  51  4:24  Assimilator  
  51  4:25  Robotics Facility  
  51  4:28  Probe, Assimilator  
  52  4:33  Probe  
  52  4:36  Pylon  
  53  4:39  Phoenix (Chrono Boost)  
  53  4:40  Probe  
  53  4:45  Probe  
  57  4:52  Probe  
  58  4:57  Probe  
  58  4:59  Phoenix (Chrono Boost)  
  61  5:04  Probe  
  61  5:06  Nexus  
  62  5:09  Pylon  
  62  5:11  Probe  
  62  5:13  Observer  
  64  5:16  Probe  
  64  5:21  Void Ray (Chrono Boost)  
  65  5:29  Stalker  
  65  5:35  Immortal  
  72  5:46  Pylon  
  72  5:50  Pylon  
  72  5:53  Stalker  
  72  5:55  Gateway  
  72  5:56  Gateway  
  70  6:08  Probe x2  
  72  6:18  Robotics Bay  
  72  6:20  Forge  
  72  6:21  Phoenix  
  72  6:23  Probe (Chrono Boost)  
  72  6:26  Probe (Chrono Boost)  
  72  6:29  Probe (Chrono Boost)  
  72  6:30  Observer  
  72  6:32  Twilight Council  
  74  6:35  Probe (Chrono Boost)  
  74  6:36  Shield Battery  
  74  6:37  Probe (Chrono Boost)  
  76  6:41  Pylon  
  76  6:42  Probe  
  76  6:45  Probe x2  
  79  6:52  Observer  
  79  6:54  Probe  
  79  6:57  Probe x2  
  79  6:58  Protoss Ground Weapons Level 1  
  80  7:01  Colossus (Chrono Boost)  
  80  7:03  Gateway  
  80  7:06  Probe, Pylon  
  80  7:07  Extended Thermal Lance  
  87  7:09  Probe  
  89  7:20  Gateway  
  89  7:22  Gateway  
  88  7:23  Gateway  
  88  7:27  Charge (Chrono Boost), Sentry, Gateway  
  88  7:28  Zealot  
  88  7:29  Observer, Zealot  
  94  7:35  Gateway  
  94  7:36  Colossus (Chrono Boost)  
  94  7:40  Gateway  
  100  7:55  Zealot x3  
  106  8:00  Pylon  
  106  8:02  Zealot  
  106  8:04  Templar Archives  
  108  8:13  Zealot  
  108  8:15  Warp Prism (Chrono Boost)  
  108  8:18  Pylon  
  108  8:19  Pylon  
  112  8:21  Zealot x4  
  112  8:25  Zealot x3  
  126  8:32  Observer  
  126  8:36  Zealot x3  
  126  8:39  Pylon  
  126  8:41  Pylon  
  132  8:48  Zealot x5  
  142  8:57  Zealot x3  
  142  9:02  Pylon  
  148  9:09  High Templar x2  
  152  9:10  High Templar x3  
  152  9:11  Zealot x2  
  152  9:13  Archon x2  
  162  9:18  Zealot  
  162  9:19  Assimilator  
  162  9:20  Assimilator  
  162  9:21  Zealot x2  
  158  9:35  Zealot x2  
  128  9:42  Zealot x7  
  130  9:47  Zealot  
Tags
 
Add a new tag
Caveats
  • Supply blocks, unpowered buildings, or Contaminate may cause inaccurate times.
  • Supply counts are checked every 10 seconds.